AoeStats
← Dis

Arena

510312591Analyzed
4v4 RM · 3d ago on Sep 30, 2026· 37m 4s· 8 players
Game mode
Random Map
Map size
Large (8 player)
Population
200
Speed
Normal
Resources
Standard
Victory
Conquest
Starting age
Dark Age
Ending age
Imperial Age
RankedLock teamsTeams togetherTeam positionsShared explorationLock speedFull tech treeHidden civsTurbo modeCheats
Victory
Defeat
🇦🇷 Turks · Argentina
1252
+18
🇨🇭 Vikings · Switzerland
1234
+18
🇦🇷 Celts · Argentina
1229
+18
🇭🇰 Danes · Hong Kong SAR China
1225
+19
🇷🇺 Aztecs · Russia
1352
-21
🇭🇰 Chinese · Hong Kong SAR China
1279
-18
🇨🇳 Persians · China
1274
-18
🇷🇺 Burgundians · Russia
1234
-16
joeip
9:21 Loom
11:07 Feudal Age
15:56 Castle Age
13:48 Double-Bit Axe
13:45 Horse Collar
17:42 Wheelbarrow
20:06 Forging
22:37 Arson
25:02 Iron Casting
24:37 Squires
27:15 Scale Mail Armor
30:45 Imperial Age
31:49 Chain Mail Armor
32:34 Elite Varangian Guard
34:24 Gold Mining
34:24 Stone Mining
36:17 Hand Cart
35:47 Town Watch
the Puchu
10:15 Feudal Age
14:04 Castle Age
12:02 Double-Bit Axe
12:33 Horse Collar
19:53 Loom
23:03 Bow Saw
22:54 Heavy Plow
25:11 Gold Mining
25:13 Stone Mining
26:26 Scale Mail Armor
26:37 Forging
29:58 Imperial Age
29:04 Chain Mail Armor
28:53 Squires
29:06 Devotion
29:43 Iron Casting
31:19 Plate Mail Armor
31:00 Elite Varangian Guard
32:42 Blast Furnace
32:17 Light Cavalry
33:09 Scale Barding Armor
34:39 Arson
DiegoArmando
13:03 Feudal Age
13:55 Horse Collar
14:04 Double-Bit Axe
17:04 Castle Age
15:06 Gold Mining
17:49 Town Watch
17:51 Loom
22:30 Imperial Age
24:36 Fletching
29:55 Imperial Age
28:11 Wheelbarrow
30:39 Bow Saw
30:50 Hand Cart
Vagatela
2:33 Loom
5:16 Loom
10:53 Feudal Age
11:19 Double-Bit Axe
12:11 Wheelbarrow
11:17 Horse Collar
18:08 Castle Age
17:26 Scale Mail Armor
17:37 Forging
17:57 Gold Mining
17:58 Stone Mining
18:39 Forging
19:17 Bow Saw
19:22 Pikeman
20:52 Man-at-Arms
25:25 Gambesons
26:34 Long Swordsman
34:13 Heavy Plow
37:10 Fervor
Fantom7
10:53 Feudal Age
15:15 Castle Age
13:39 Horse Collar
13:48 Double-Bit Axe
16:34 Forging
16:42 Squires
18:18 Scale Mail Armor
24:35 Iron Casting
27:40 Arson
cheung1993
0:37 Loom
11:26 Feudal Age
15:17 Castle Age
13:12 Double-Bit Axe
13:12 Horse Collar
14:52 Double-Bit Axe
21:13 Fortified Wall
24:02 Wheelbarrow
24:13 Bow Saw
26:05 Stone Mining
26:12 Gold Mining
30:33 Imperial Age
28:53 Gold Shaft Mining
28:59 Fletching
29:28 Padded Archer Armor
29:54 Ballistics
31:09 Bodkin Arrow
31:33 Leather Archer Armor
31:25 Thumb Ring
31:00 Elite Chu Ko Nu
31:28 Elite Chu Ko Nu
32:17 Scale Barding Armor
32:38 Conscription
32:32 Bloodlines
32:22 Husbandry
32:35 Forging
32:51 Hand Cart
32:25 Cavalier
34:29 Masonry
35:22 Chemistry
35:35 Light Cavalry
36:54 Iron Casting
36:39 Chain Barding Armor
36:20 Bracer
Dis
10:16 Feudal Age
11:49 Loom
14:27 Castle Age
13:32 Gold Mining
16:12 Fervor
16:22 Sanctity
17:31 Redemption
哈撒韦
Connection lost

Rejoining the realm…

Still unreachable

The connection could not be restored.

Session expired

The server has moved on; the page needs a fresh start.